 Dungeon Crawl Stone Soup version 0.27.1-33-g824d729ab1 (webtiles) character file.

Game seed: 11997846539912443313

67 Gabide the Cudgeller (level 4, -3/35 HPs)
             Began as a Human Chaos Knight on Dec 10, 2021.
             Was a Plaything of Xom.
             Killed by nerve-wracking pain
             ... invoked by an orc priest
              (14 damage)
             ... on level 3 of the Dungeon.
             The game lasted 00:02:50 (2702 turns).

Gabide the Cudgeller (Human Chaos Knight)           Turns: 2702, Time: 00:02:51

Health: -3/35      AC:  6    Str: 13    XL:     4   Next: 38%
Magic:  4/4        EV: 10    Int: 19    God:    Xom [.*....]
Gold:   72         SH:  3    Dex: 12    Spells: 3/3 levels left

rFire    . . .     SeeInvis .   a - +0 mace (chaos)
rCold    . . .     Faith    .   g - +0 buckler
rNeg     . . .     Spirit   .   b - +3 leather armour
rPois    .         Reflect  .   (no helmet)
rElec    .         Harm     .   (no cloak)
rCorr    .         Rampage  .   (no gloves)
Will     .....                  (no boots)
Stlth    +.........             (no amulet)
HPRegen  0.11/turn              l - ring of flight
MPRegen  0.09/turn              m - +6 ring of intelligence

@: flying
A: no striking features
a: Renounce Religion


You were on level 3 of the Dungeon.
You worshipped Xom.
You were a plaything of Xom.
You visited 1 branch of the dungeon, and saw 3 of its levels.

You collected 72 gold pieces.

Inventory:

Hand Weapons
 a - a +0 mace of chaos (weapon)
Armour
 b - a +3 leather armour (worn)
 g - a +0 buckler (worn)
Jewellery
 l - a ring of flight (left hand)
 m - a +6 ring of intelligence (right hand)
Scrolls
 h - 2 scrolls of enchant armour
 k - 3 scrolls of blinking
 n - a scroll of brand weapon {unknown}
Potions
 c - a potion of invisibility {unknown}
 d - a potion of magic {unknown}
 e - a potion of heal wounds {unknown}
 f - a potion of degeneration {unknown}
 i - a potion of brilliance {unknown}
 o - a potion of lignification {unknown}


   Skills:
 + Level 3.3 Fighting
 * Level 3.9 Maces & Flails
 + Level 2.6 Armour
 + Level 1.2 Dodging
 + Level 0.4 Stealth
 * Level 1.0 Shields


You had 3 spell levels left.
You didn't know any spells.
Your spell library contained the following spells:

 Spells                   Type           Power      Damage    Failure   Level
 Slow                     Hex            0%         N/A       50%         2
 Confusing Touch          Hex            0%         N/A       75%         3
 Vampiric Draining        Necr           0%         2d6       75%         3
 Fulminant Prism          Conj/Hex       0%         3d6       98%         4
 Iskenderun's Mystic Bla  Conj/Tloc      0%         2d3       98%         4
 Lee's Rapid Deconstruct  Erth           0%         3d5*      100%        5


Dungeon Overview and Level Annotations

Branches:
Dungeon (3/15)

Altars:


Message History

You hit the endoplasm.
You kill the endoplasm!
Xom's power touches on your mind for a moment.
You are confused.
You see here a ball python corpse.
You are too confused!
You are too confused!
You are too confused!
You are too confused!
The orc priest calls down the wrath of Beogh upon you.
Beogh smites you!
You bump into the rock wall.
The orc priest closely misses you.
You see here a ball python corpse.
The orc priest looks encouraged for a moment.
The orc priest hits you but does no damage.
You closely miss the orc priest.
You feel less confused.
Xom opens a gate.
The orc priest misses you.
You hit the orc priest.
The orc priest is moderately wounded.
The orc priest begins to cast a cantrip, but forgets the words!
Your crimson imp closely misses the orc priest.
The orc priest closely misses you.
You hit the orc priest.
The orc priest seems to speed up.
The orc priest is heavily wounded.
The orc priest invokes the aid of Beogh against you.
Beogh smites you!
* * * LOW HITPOINT WARNING * * *
Your crimson imp blinks!
The orc priest hits you with a +0 club.
* * * LOW HITPOINT WARNING * * *
You feel better. You block the orc priest's attack.
You hit the orc priest but do no damage.
The orc priest is heavily wounded.
The orc priest closely misses you.
The orc priest calls down the wrath of Beogh upon you.
Pain shoots through your body!
You die...

.. ###########.## #.##.#.#
## #............###.##>#.#
####.#########..##...#.#)#
.....# #..#...#....#
###### #..##.#.##..#
#...#..###..# #.#.#.##
#..# #.#.#.####..#
#####).@o.......#
#.))..○§.†.....##
#.#####.#.##...# .. #.#.#
...# ## #.#.# ..# #.#.# .#
#.#.. .# #.#<.


You could see an orc priest (fast).

Vanquished Creatures
  2 dart slugs
  4 orcs (D:3)
  4 bats (D:1)
  7 endoplasms
  A goblin (D:1)
  2 hobgoblins (D:2)
  10 jackals
  5 kobolds
  2 quokkas
  8 ball pythons
  4 frilled lizards
  4 rats
53 creatures vanquished.

Notes
Turn   | Place    | Note
-------+----------+-------------------------------------------
     0 | D:1      | Gabide the Human Chaos Knight began the quest for the Orb.
     0 | D:1      | Reached XP level 1. HP: 18/18 MP: 1/1
   119 | D:1      | XOM: divination: detect items
   179 | D:1      | Reached XP level 2. HP: 24/24 MP: 2/2
   332 | D:1      | XOM: divination: detect creatures
   369 | D:1      | XOM: silly message
   646 | D:1      | Reached XP level 3. HP: 9/29 MP: 3/3
   816 | D:1      | XOM: silly message
  1131 | D:1      | XOM: silly message
  1218 | D:1      | XOM: silly message
  1516 | D:2      | XOM: divination: detect creatures
  1639 | D:2      | XOM: silly message
  1869 | D:2      | XOM: divination: magic mapping
  1872 | D:2      | XOM: silly message
  2120 | D:2      | Reached XP level 4. HP: 35/35 MP: 4/4
  2576 | D:3      | Reached skill level 1 in Shields
  2689 | D:3      | XOM: smoke on damage
  2691 | D:3      | XOM: confusion
  2698 | D:3      | XOM: summons friendly crimson imp
  2702 | D:3      | Killed from afar by an orc priest

Illustrated notes

Levels and vault maps discovered:
D:1:      kennysheep_arrival_forest, layout_loops_cross,
          minmay_misc_feat_encased, minmay_tripent
D:2:      layout_loops_ring
D:3:      layout_loops_ring, gammafunk_ghost_necromancy, serial_shops,
          nicolae_shop_trees, nicolae_shop_window_shopping, columned_hall_lemuel

Skill      XL: |  1  2  3  4 |
---------------+-------------+-----
Shields        | 1 |  1.0
Fighting       | |  3.3
Maces & Flails | |  3.9
Armour         | |  2.6
Dodging        | |  1.2
Stealth        | |  0.4

Action                   |  1- 3 |  4- 6 || total
-------------------------+-------+-------++-------
Melee: Mace              |   130 |    36 ||   166
  Use: Scroll            |     4 |       ||     4
       Potion            |       |     1 ||     1
 Stab: Sleeping          |     1 |       ||     1
Armor: Leather armour    |    71 |    14 ||    85
Dodge: Dodged            |   124 |    18 ||   142
Block: Buckler           |    21 |     5 ||    26
